Map: Backwater LE

Players

Lyn

  • Race: Terran Terran
  • Spawn Location: 5:00

Graveyard - Winner!

  • Race: Zerg Zerg
  • League: Diamond
  • Spawn Location: 11:00

VOD

Have the link to the VOD?

Description

Time

  • Played on: April 13, 2018, 5:05 a.m.
  • Length: 8:04
Show
View Real Time Build Order
Export as new Build Order

Lyn Terran 

Build Orders: MMM Bio 

Get SALT Encoding   

  12  0:00  SCV  
  13  0:13  SCV  
  14  0:18  Supply Depot  
  14  0:25  SCV  
  15  0:40  SCV  
  15  0:42  Barracks  
  16  0:47  Refinery  
  16  0:52  SCV  
  17  1:05  SCV  
  18  1:17  SCV  
  19  1:29  Barracks Reactor  
  19  1:31  Orbital Command  
  19  1:46  Command Center  
  19  1:59  Barracks  
  20  2:01  SCV  
  20  2:08  Marine  
  21  2:16  Supply Depot  
  21  2:21  SCV  
  21  2:22  Marine  
  23  2:26  Factory  
  23  2:33  Refinery  
  23  2:38  Marine  
  23  2:41  Marine  
  23  2:42  SCV  
  26  2:48  Barracks Tech Lab  
  26  2:55  SCV  
  26  2:56  Marine  
  28  3:05  Orbital Command  
  28  3:07  SCV  
  28  3:14  Stimpack  
  28  3:23  Starport  
  28  3:27  Marine  
  28  3:29  Marine  
  30  3:34  Factory Reactor  
  30  3:35  Marine  
  30  3:37  SCV  
  30  3:39  SCV  
  33  3:46  Marine  
  33  3:47  Marine  
  35  3:53  SCV  
  35  3:55  Marine, Supply Depot  
  36  3:58  SCV  
  38  4:04  Marine  
  38  4:06  Marine  
  38  4:08  SCV  
  41  4:14  Marine  
  41  4:15  SCV  
  43  4:18  Medivac x2  
  43  4:22  SCV, Marine, Supply Depot  
  49  4:27  SCV  
  50  4:33  Marine  
  50  4:34  Marine  
  52  4:44  Supply Depot  
  52  4:47  SCV x2, Marine, Supply Depot  
  52  4:51  Marine  
  56  4:59  SCV  
  58  5:00  SCV  
  58  5:07  Barracks  
  58  5:08  Marine, Engineering Bay  
  58  5:10  Supply Depot  
  58  5:11  Engineering Bay  
  58  5:12  SCV  
  60  5:16  Supply Depot  
  60  5:19  SCV  
  61  5:22  Combat Shields  
  61  5:24  SCV  
  55  5:43  Marine x2  
  55  5:44  Marauder  
  53  5:57  SCV x2  
  53  5:58  Medivac x2  
  53  5:59  Terran Infantry Weapons Level 1  
  53  6:01  Marine x2  
  61  6:05  Marauder  
  61  6:08  Terran Infantry Armor Level 1, Barracks Tech Lab  
  61  6:09  SCV  
  64  6:18  SCV, Marine  
  65  6:19  Marine  
  65  6:21  SCV  
  68  6:26  Marine  
  68  6:30  SCV  
  70  6:33  SCV  
  70  6:36  Marine  
  72  6:41  Liberator, Command Center  
  72  6:42  SCV  
  72  6:43  Marine x2  
  72  6:44  Marauder  
  72  6:45  SCV, Barracks  
  72  6:46  Barracks  
  79  6:54  SCV, Marine  
  79  6:57  SCV  
  79  7:00  Marine  
  79  7:01  Marine  
  86  7:05  Marine  
  86  7:06  SCV  
  88  7:10  SCV  
  88  7:15  Marine  
  89  7:18  Marine  
  89  7:19  Marauder  
  78  7:33  Marine  
  78  7:36  Marine  
Show
View Real Time Build Order
Export as new Build Order

Graveyard Zerg - Winner!

Build Orders: Hatch First 

Get SALT Encoding   

  12  0:00  Drone  
  13  0:12  Overlord  
  13  0:16  Drone  
  14  0:30  Drone x2  
  14  0:35  Drone  
  17  0:54  Hatchery  
  17  0:56  Drone  
  17  0:59  Drone  
  18  1:10  Extractor  
  17  1:15  Spawning Pool  
  16  1:18  Drone  
  16  1:23  Drone  
  18  1:27  Drone  
  19  1:39  Overlord  
  19  1:50  Drone  
  20  2:02  Queen  
  20  2:03  Zergling x2  
  20  2:08  Drone  
  24  2:11  Drone  
  25  2:25  Drone x2  
  28  2:30  Drone  
  28  2:40  Lair  
  28  2:41  Drone x2  
  30  2:44  Drone  
  30  2:49  Overlord  
  31  2:52  Hatchery  
  30  3:03  Queen  
  31  3:06  Drone x3  
  34  3:23  Drone x5  
  39  3:27  Extractor  
  39  3:32  Drone x2  
  40  3:35  Extractor  
  40  3:40  Roach Warren  
  38  3:43  Evolution Chamber  
  37  3:49  Drone  
  37  3:52  Drone x4  
  37  3:53  Drone  
  43  4:00  Drone  
  44  4:03  Queen  
  44  4:04  Overlord  
  44  4:05  Overlord  
  44  4:09  Zerg Missile Weapons Level 1  
  46  4:13  Queen  
  46  4:14  Overlord  
  48  4:21  Roach  
  48  4:22  Roach  
  52  4:24  Nydus Network  
  52  4:25  Drone x2  
  53  4:33  Drone  
  53  4:34  Drone x4  
  53  4:37  Glial Reconstitution  
  58  4:39  Drone  
  59  4:46  Queen  
  59  4:48  Queen  
  63  4:54  Roach x2  
  63  4:56  Drone x2  
  63  4:57  Drone  
  70  5:05  Drone  
  70  5:06  Overlord x2  
  71  5:07  Overlord  
  71  5:12  Roach  
  73  5:24  Roach x3, Queen  
  73  5:25  Roach  
  73  5:26  Roach x2  
  87  5:29  Roach  
  87  5:31  Roach x2  
  89  5:41  Roach  
  89  5:42  Roach x4  
  93  5:44  Roach  
  87  5:51  Roach  
  87  5:53  Queen x2  
  91  5:57  Roach x2  
  91  5:59  Roach  
  97  6:04  Overlord  
  97  6:14  Overlord  
  97  6:15  Overlord  
  97  6:23  Overlord x2  
  97  6:24  Overlord  
  97  6:37  Roach x6  
  97  6:38  Roach x2  
  113  6:41  Overlord x3  
  113  6:44  Roach x3  
  119  6:58  Nydus Canal  
  119  7:02  Roach  
  119  7:04  Zergling x2  
  119  7:05  Zergling x16  
  123  7:32  Roach x4  
  123  7:33  Roach x5  
  123  7:35  Roach  
  132  7:41  Roach x2  
  134  7:44  Roach  
Tags
 
Composition
MMM Bio
League
Diamond
Matchup
TvZ
Spawn Locations
Cross Positions
Add a new tag
Caveats
  • Supply blocks, unpowered buildings, or Contaminate may cause inaccurate times.
  • Supply counts are checked every 10 seconds.